XFBL
NEW YORK METS @ HOUSTON ASTROS
03/04/1982
 
TOP OF THE 1ST
New York Mets batting - Pitching for Houston Astros : RHP Steve Bedrosian
Pitching: RHP Steve Bedrosian
Batting: RHB Dave Concepcion 0-0: Called Strike
0-1: Ball
1-1: Ground out 6-3 (Groundball, 6, EV 107.5 MPH)
Batting: LHB John Kruk 0-0: Called Strike
0-1: Ball
1-1: Foul Ball, location: 2F
1-2: Ground out U3 (Groundball, 3, EV 88.8 MPH)
Batting: LHB Lyman Bostock 0-0: Ball
1-0: Called Strike
1-1: Called Strike
1-2: Ball
2-2: Ball
3-2: Hit by Pitch
Batting: SHB Ken Singleton 0-0: Called Strike
0-1: Ball
1-1: Ball
2-1: Called Strike
2-2: Ground out U3 (Groundball, 3L, EV 85.6 MPH)
Top of the 1st over - 0 runs, 0 hits, 0 errors, 1 left on base; New York 0 - Houston 0
BOTTOM OF THE 1ST
Houston Astros batting - Pitching for New York Mets : RHP Elias Sosa
Pitching: RHP Elias Sosa
Batting: RHB Mickey Hatcher 0-0: Called Strike
0-1: Called Strike
0-2: Ball
1-2: Ball
2-2: Ball
3-2: Ground out 4-3 (Groundball, 4, EV 84.4 MPH)
Batting: RHB John Castino 0-0: Ball
1-0: Ball
2-0: Ball
3-0: Ground out 6-3 (Groundball, 56D, EV 100.6 MPH)
Batting: RHB Julio Franco 0-0: Ball
1-0: Ball
2-0: Foul Ball, location: 2F
2-1: Called Strike
2-2: Ground out 5-3 (Groundball, 25, EV 81.9 MPH)
Bottom of the 1st over - 0 runs, 0 hits, 0 errors, 0 left on base; New York 0 - Houston 0
TOP OF THE 2ND
New York Mets batting - Pitching for Houston Astros : RHP Steve Bedrosian
Batting: RHB Garry Maddox 0-0: SINGLE (Groundball, 6MD, EV 104.4 MPH)
Batting: RHB Bill Almon 0-0: Ball
Garry Maddox steals 2nd base
1-0: Ball
2-0: Ground out 4-3 (Groundball, 4, EV 80.6 MPH)
Garry Maddox to third
Batting: RHB Ray Knight 0-0: Called Strike
0-1: Ball
1-1: Ball
2-1: Fly out, F7 (Flyball, 7S, EV 88.1 MPH)
Batting: RHB Thomas Walker 0-0: Ball
1-0: Foul Ball, location: 2F
1-1: Foul Ball, location: 2F
1-2: Ball
2-2: Strikes out swinging
Top of the 2nd over - 0 runs, 1 hit, 0 errors, 1 left on base; New York 0 - Houston 0
BOTTOM OF THE 2ND
Houston Astros batting - Pitching for New York Mets : RHP Elias Sosa
Batting: LHB Steve Kemp 0-0: Called Strike
0-1: Ball
1-1: Foul Ball, location: 2F
1-2: Ball
2-2: Ground out 3-1 (Groundball, 34, EV 103.8 MPH)
Batting: RHB Zail Smith 0-0: Ground out 6-3 (Groundball, P, EV 88.1 MPH)
Batting: SHB Christopher Clark 0-0: Ball
1-0: Foul Ball, location: 2F
1-1: Foul Ball, location: 2F
1-2: Ball
2-2: Ball
3-2: Strikes out swinging
Bottom of the 2nd over - 0 runs, 0 hits, 0 errors, 0 left on base; New York 0 - Houston 0
TOP OF THE 3RD
New York Mets batting - Pitching for Houston Astros : RHP Steve Bedrosian
Batting: RHB Elias Sosa 0-0: Swinging Strike
0-1: Foul Ball, location: 2F
0-2: Foul Ball, location: 2F
0-2: Ball
1-2: Ball
2-2: Strikes out swinging
Batting: RHB Dave Concepcion 0-0: Ball
1-0: Ball
2-0: Swinging Strike
2-1: Fly out, F3 (Line Drive, 3, EV 64.4 MPH)
Batting: LHB John Kruk 0-0: Ball
1-0: Called Strike
1-1: Called Strike
1-2: Fly out, F7 (Flyball, 7, EV 90.6 MPH)
Top of the 3rd over - 0 runs, 0 hits, 0 errors, 0 left on base; New York 0 - Houston 0
BOTTOM OF THE 3RD
Houston Astros batting - Pitching for New York Mets : RHP Elias Sosa
Batting: LHB Jerry Narron 0-0: Called Strike
0-1: Foul Ball, location: 2F
0-2: Ball
1-2: Ball
2-2: Foul Ball, location: 2F
2-2: SINGLE (Groundball, 3S, EV 71.9 MPH) (infield hit)
Batting: SHB Tom Herr 0-0: Called Strike
0-1: Swinging Strike
0-2: Ball
1-2: Ball
2-2: Strikes out looking
Batting: RHB Steve Bedrosian 0-0: Called Strike
0-1: Bunted foul
0-2: Sac Bunt to 3S - play at first, batter OUT! 3-4
Jerry Narron to second
Batting: RHB Mickey Hatcher 0-0: Ball
Wild Pitch!
Jerry Narron to third
1-0: Fly out, F8 (Flyball, 8RD, EV 93.8 MPH)
Bottom of the 3rd over - 0 runs, 1 hit, 0 errors, 1 left on base; New York 0 - Houston 0
TOP OF THE 4TH
New York Mets batting - Pitching for Houston Astros : RHP Steve Bedrosian
Batting: LHB Lyman Bostock 0-0: Ball
1-0: Foul Ball, location: 2F
1-1: Ball
2-1: Ball
3-1: Base on Balls
Batting: SHB Ken Singleton 0-0: Ball
1-0: Foul Ball, location: 2F
1-1: Ball
2-1: Ball
3-1: Called Strike
3-2: Foul Ball, location: 2F
3-2: Fly out, F8 (Flyball, 78M, EV 89.4 MPH)
Batting: RHB Garry Maddox 0-0: Ball
1-0: Ball
Lyman Bostock steals 2nd base (no throw)
2-0: Ball
3-0: Base on Balls
Batting: RHB Bill Almon 0-0: Called Strike
Lyman Bostock steals 3rd base
0-1: Called Strike
Garry Maddox is caught stealing 2nd base 2-4
0-2: Foul Ball, location: 2F
0-2: Foul Ball, location: 2F
0-2: Fly out, F6 (Flyball, 56D, EV 78.8 MPH)
Top of the 4th over - 0 runs, 0 hits, 0 errors, 1 left on base; New York 0 - Houston 0
BOTTOM OF THE 4TH
Houston Astros batting - Pitching for New York Mets : RHP Elias Sosa
Batting: RHB John Castino 0-0: Fly out, F9 (Flyball, 9D, EV 95.6 MPH)
Batting: RHB Julio Franco 0-0: Ball
1-0: Fly out, F9 (Flyball, 89M, EV 88.1 MPH)
Batting: LHB Steve Kemp 0-0: Foul Ball, location: 2F
0-1: Ball
1-1: Ball
2-1: Foul Ball, location: 2F
2-2: Foul Ball, location: 2F
2-2: Ground out 1-3 (Groundball, 13S, EV 70.0 MPH)
Bottom of the 4th over - 0 runs, 0 hits, 0 errors, 0 left on base; New York 0 - Houston 0
TOP OF THE 5TH
New York Mets batting - Pitching for Houston Astros : RHP Steve Bedrosian
Pitching: LHP Keith Comstock
Batting: RHB Ray Knight 0-0: Swinging Strike
0-1: Fly out, F8 (Flyball, 8LD, EV 88.8 MPH)
Batting: RHB Thomas Walker 0-0: Called Strike
0-1: Fly out, F8 (Flyball, 8RXD, EV 100.6 MPH)
Pinch Hitting: LHB Alamazoo White 0-0: Ball
1-0: Ball
2-0: Fly out, F8 (Flyball, 8RXD, EV 102.5 MPH)
Top of the 5th over - 0 runs, 0 hits, 0 errors, 0 left on base; New York 0 - Houston 0
BOTTOM OF THE 5TH
Houston Astros batting - Pitching for New York Mets : RHP Elias Sosa
Pitching: LHP Rich Wortham
Batting: RHB Zail Smith 0-0: Ball
1-0: Called Strike
1-1: Ball
2-1: Foul Ball, location: 2F
2-2: Ball
3-2: Ground out 6-3 (Groundball, 56, EV 107.5 MPH)
Batting: SHB Christopher Clark 0-0: Called Strike
0-1: Ball
1-1: Foul Ball, location: 2F
1-2: Ball
2-2: Ball
3-2: SINGLE (Line Drive, 89M, EV 98.8 MPH)
Batting: LHB Jerry Narron 0-0: Called Strike
0-1: Foul Ball, location: 2F
0-2: Ball
1-2: Fly out, F6 (Flyball, 5D, EV 76.9 MPH)
Batting: SHB Tom Herr 0-0: Ground out 5-3 (Groundball, 56S, EV 79.4 MPH)
Bottom of the 5th over - 0 runs, 1 hit, 0 errors, 1 left on base; New York 0 - Houston 0
TOP OF THE 6TH
New York Mets batting - Pitching for Houston Astros : LHP Keith Comstock
Batting: RHB Dave Concepcion 0-0: Foul Ball, location: 2F
0-1: SINGLE (Flyball, 9S, EV 93.1 MPH)
Batting: LHB John Kruk 0-0: Ball
1-0: Ball
2-0: Foul Ball, location: 2F
2-1: Foul Ball, location: 2F
2-2: DOUBLE (Line Drive, 5D, EV 96.3 MPH)
Dave Concepcion to third
Runner from 3rd tries for Home, SAFE, throw by LF to trailing runner, SAFE at third!
Batting: LHB Lyman Bostock 0-0: Ball
1-0: Foul Ball, location: 2F
1-1: Ball
2-1: Ball
3-1: Called Strike
3-2: Base on Balls
Batting: SHB Ken Singleton 0-0: Foul Ball, location: 2F
0-1: Ball
1-1: Ball
2-1: Swinging Strike
2-2: Foul Ball, location: 2F
2-2: Ball
3-2: Foul Ball, location: 2F
3-2: Base on Balls
Lyman Bostock to second
Pitching: RHP Freddy Guerrero
Batting: RHB Garry Maddox 0-0: Ball
1-0: Ball
2-0: Ball
3-0: Fly out, F7 (Flyball, 7S, EV 83.1 MPH)
Batting: RHB Bill Almon 0-0: Called Strike
0-1: Called Strike
0-2: Fly out, F7 (Line Drive, 7D, EV 93.1 MPH)
Runner from 3rd tags up, SCORES, no throw by LF
Batting: RHB Ray Knight 0-0: Called Strike
0-1: TRIPLE (Flyball, 89XD, EV 97.5 MPH)
Lyman Bostock scores
Ken Singleton scores
Batting: RHB Thomas Walker 0-0: Ball
1-0: Ball
2-0: Swinging Strike
2-1: Ball
3-1: DOUBLE (Flyball, 9LD, EV 110.0 MPH)
Ray Knight scores
Pinch Hitting: LHB Roy E Johnson 0-0: Foul Ball, location: 2F
0-1: Called Strike
0-2: Strikes out looking
Top of the 6th over - 5 runs, 4 hits, 0 errors, 1 left on base; New York 5 - Houston 0
BOTTOM OF THE 6TH
Houston Astros batting - Pitching for New York Mets : LHP Rich Wortham
Pitching: LHP William Scholl
Batting: RHB Freddy Guerrero 0-0: Ground out 5-3 (Groundball, 56, EV 89.4 MPH)
Batting: RHB Mickey Hatcher 0-0: SOLO HOME RUN (Flyball, 78XD, EV 107.5 MPH), Distance : 431 ft
Batting: RHB John Castino 0-0: Foul Ball, location: 2F
0-1: SINGLE (Line Drive, 8LS, EV 111.3 MPH)
Batting: RHB Julio Franco 0-0: Called Strike
0-1: Ball
1-1: Foul Ball, location: 2F
1-2: Ball
2-2: Ball
3-2: Base on Balls
John Castino to second
Batting: LHB Steve Kemp 0-0: Ball
John Castino steals 3rd base
Julio Franco to second
1-0: Ball
2-0: Called Strike
2-1: Ball
3-1: SINGLE (Flyball, 6MD, EV 84.4 MPH)
John Castino scores
Julio Franco to third
Batting: RHB Zail Smith 0-0: Called Strike
0-1: Foul Ball, location: 2F
0-2: Foul Ball, location: 2F
0-2: Foul Ball, location: 2F
0-2: Ball
1-2: Fly out, F8 (Flyball, 8LS, EV 81.3 MPH)
Runner from 3rd tags up, SCORES, throw by CF
Pitching: RHP Matt Adams
Batting: SHB Christopher Clark 0-0: Ball
1-0: Foul Ball, location: 2F
1-1: Ball
2-1: Foul Ball, location: 2F
2-2: Ball
3-2: Base on Balls
Steve Kemp to second
Batting: LHB Jerry Narron 0-0: Ball
1-0: Called Strike
1-1: Fly out, F7 (Line Drive, 7, EV 101.9 MPH)
Bottom of the 6th over - 3 runs, 3 hits, 0 errors, 2 left on base; New York 5 - Houston 3
TOP OF THE 7TH
New York Mets batting - Pitching for Houston Astros : RHP Freddy Guerrero
Pinch Hitting: RHB Rick Burleson 0-0: Ball
1-0: Ball
2-0: Ball
3-0: Base on Balls
Pinch Hitting: RHB Gary Redus 0-0: Called Strike
0-1: Called Strike
0-2: Ball
1-2: Ball
2-2: Ball
3-2: Base on Balls
Rick Burleson to second
Pinch Hitting: RHB Juan Garcia 0-0: Ball
1-0: Called Strike
1-1: Ball
2-1: SINGLE (Line Drive, 9S, EV 91.3 MPH)
Rick Burleson to third
Gary Redus to second
Runner from 3rd tries for Home, SAFE, throw by RF to home
Pinch Hitting: RHB George Gomez 0-0: Grounds into double play, 3-6-3 (Groundball, 3D, EV 105.0 MPH)
Gary Redus to third
Batting: RHB Garry Maddox 0-0: Fly out, F5 (Line Drive, 5, EV 70.0 MPH)
Top of the 7th over - 1 run, 1 hit, 0 errors, 1 left on base; New York 6 - Houston 3
BOTTOM OF THE 7TH
Houston Astros batting - Pitching for New York Mets : RHP Matt Adams
Now at 1B: German Rivera
Now at 2B: Rick Burleson
Now in LF: Gary Redus
Now in RF: Juan Garcia
Batting: SHB Tom Herr 0-0: Ball
1-0: Called Strike
1-1: Ground out 4-3 (Groundball, 4S, EV 64.4 MPH)
Pinch Hitting: SHB Bill D Doran 0-0: Ball
1-0: Called Strike
1-1: Called Strike
1-2: Strikes out swinging
Pinch Hitting: RHB Dave Valle 0-0: Ball
1-0: Called Strike
1-1: Swinging Strike
1-2: Strikes out swinging
Bottom of the 7th over - 0 runs, 0 hits, 0 errors, 0 left on base; New York 6 - Houston 3
TOP OF THE 8TH
New York Mets batting - Pitching for Houston Astros : RHP Freddy Guerrero
Pitching: RHP Ernie Camacho
Now at 1B: Dave Valle
Batting: RHB Bill Almon 0-0: SINGLE (Groundball, 4MD, EV 104.4 MPH)
Batting: RHB Ray Knight 0-0: Called Strike
0-1: Ball
1-1: Ball
2-1: Foul Ball, location: 2F
2-2: Ball
3-2: Fielders Choice at 2nd, 5-4 (Groundball, 5, EV 97.5 MPH)
Batting: RHB Thomas Walker 0-0: Ball
1-0: Ball
2-0: Called Strike
2-1: Ball
3-1: Called Strike
3-2: Strikes out looking
Ray Knight steals 2nd base (no throw)
Batter strikes out.
Pinch Hitting: RHB Jason Sickman 0-0: SINGLE (Groundball, 5D, EV 101.9 MPH)
Ray Knight to third
Runner from 3rd tries for Home, SAFE, throw by LF to home
Batting: RHB Rick Burleson 0-0: Foul Ball, location: 2F
0-1: Ball
1-1: Swinging Strike
1-2: SINGLE (Flyball, 8LS, EV 93.1 MPH)
Jason Sickman to second
Runner from 2nd tries for 3rd, SAFE, throw by CF made to third
Batting: RHB Gary Redus 0-0: Called Strike
0-1: Ball
1-1: Called Strike
1-2: Foul Ball, location: 2F
1-2: Foul Ball, location: 2F
1-2: Strikes out swinging
Top of the 8th over - 1 run, 3 hits, 0 errors, 2 left on base; New York 7 - Houston 3
BOTTOM OF THE 8TH
Houston Astros batting - Pitching for New York Mets : RHP Matt Adams
Pitching: RHP Kip Young
Pinch Hitting: RHB Ricky Adams 0-0: Fly out, F7 (Flyball, 78M, EV 88.8 MPH)
Pinch Hitting: RHB Danny Jasso 0-0: Ball
1-0: Swinging Strike
1-1: Ball
2-1: Ball
3-1: Called Strike
3-2: Foul Ball, location: 2F
3-2: Foul Ball, location: 2F
3-2: Strikes out swinging
Batting: LHB Steve Kemp 0-0: Foul Ball, location: 2F
0-1: SINGLE (Groundball, 6M, EV 101.3 MPH)
Batting: RHB Zail Smith 0-0: Fly out, F3 (Popup, 3F, EV 66.9 MPH)
Bottom of the 8th over - 0 runs, 1 hit, 0 errors, 1 left on base; New York 7 - Houston 3
TOP OF THE 9TH
New York Mets batting - Pitching for Houston Astros : RHP Ernie Camacho
Now at 3B: Ricky Adams
Now at SS: Danny Jasso
Batting: RHB Juan Garcia 0-0: Ball
1-0: Ball
2-0: Foul Ball, location: 2F
2-1: Foul Ball, location: 2F
2-2: Ball
3-2: Foul Ball, location: 2F
3-2: Base on Balls
Pitching: RHP Gilberto Mendoza
Batting: RHB German Rivera 0-0: Called Strike
0-1: 2-RUN HOME RUN (Flyball, 7D, EV 96.9 MPH), Distance : 392 ft
Batting: RHB Garry Maddox 0-0: Called Strike
0-1: Ball
1-1: Ball
2-1: Foul Ball, location: 2F
2-2: DOUBLE (Groundball, 5L, EV 104.4 MPH)
Batting: RHB Bill Almon 0-0: Ball
1-0: Ball
2-0: SINGLE (Line Drive, 4MD, EV 98.1 MPH)
Garry Maddox to third
Runner from 3rd tries for Home, SAFE, throw by CF to home
Batting: RHB Ray Knight 0-0: Called Strike
0-1: Called Strike
0-2: Fielders Choice at 2nd, 6-4 (Groundball, 6MS, EV 89.4 MPH)
Pinch Hitting: LHB Terry Kennedy 0-0: Swinging Strike
0-1: Ball
1-1: Ball
2-1: Fly out, F7 (Flyball, 7S, EV 71.3 MPH)
Batting: RHB Kip Young 0-0: Ball
1-0: Ground out 5-3 (Groundball, 56S, EV 91.9 MPH)
Top of the 9th over - 3 runs, 3 hits, 0 errors, 1 left on base; New York 10 - Houston 3
BOTTOM OF THE 9TH
Houston Astros batting - Pitching for New York Mets : RHP Kip Young
Now at C: Terry Kennedy
Pinch Hitting: RHB Ron Tingley 0-0: Called Strike
0-1: Ball
1-1: Called Strike
1-2: Strikes out swinging
Batting: LHB Jerry Narron 0-0: Ball
1-0: Called Strike
1-1: Swinging Strike
1-2: Fly out, F8 (Flyball, 89M, EV 98.1 MPH)
Pinch Hitting: RHB Gregory Pastors 0-0: Called Strike
0-1: Ground out U3 (Groundball, 3L, EV 84.4 MPH)
Bottom of the 9th over - 0 runs, 0 hits, 0 errors, 0 left on base; New York 10 - Houston 3
Monday, July 13th, 2020 - OOTP Baseball 21.4 Build 63